 Dungeon Crawl Stone Soup version 0.31-a0-354-g827e0957a7 (webtiles) character file.

Game seed: 4145502001662746974

135 bjtr the Digger (level 5, -1/37 HPs)
             Began as a Gnoll Earth Elementalist on July 24, 2023.
             Slain by Crazy Yiuf
             ... wielding a +2 quarterstaff of chaos
              (6 damage)
             ... on level 3 of the Dungeon.
             The game lasted 00:06:34 (2214 turns).

bjtr the Digger (Gnoll Earth Elementalist)          Turns: 2214, Time: 00:06:34

Health: -1/37      AC:  7    Str:  8    XL:     5   Next: 18%
Magic:  10/12      EV:  8    Int: 16    God:
Gold:   118        SH:  0    Dex: 12    Spells: 8/14 levels left

rFire   . . .        r - +0 war axe
rCold   . . .        (no shield)
rNeg    . . .        y - +0 scale mail {rPois}
rPois   +            (no helmet)
rElec   .            (no cloak)
rCorr   +            (no gloves)
SInv    .            p - +0 pair of boots
Will    .....        (no amulet)
Stlth   +            h - ring of resist corrosion
HPRegen 0.26/turn    (no ring)
MPRegen 0.13/turn

%: no passive effects
@: no status effects
A: fangs 1, strong nose, distributed training
a: no special abilities


You were on level 3 of the Dungeon.
You visited 1 branch of the dungeon, and saw 3 of its levels.

You collected 118 gold pieces.

Inventory:

Hand Weapons
 e - a +0 hand axe
 r - a +0 war axe (weapon)
 A - a +0 morningstar
Missiles
 n - 5 poisoned darts
Armour
 a - a +0 robe
 l - a +0 ring mail
 p - a +0 pair of boots (worn)
 s - a +0 leather armour
 y - a +0 scale mail of poison resistance (worn)
Jewellery
 h - a ring of resist corrosion (left hand)
Talismans
 v - a beast talisman
 x - a serpent talisman
Scrolls
 c - a scroll of torment {unknown}
 f - 3 scrolls of amnesia {unknown}
 j - a scroll of enchant weapon {unknown}
 k - a scroll of poison {unknown}
 q - 3 scrolls of identify {unknown}
 t - a scroll of vulnerability {unknown}
 u - a scroll of noise {unknown}
 w - 4 scrolls of teleportation {unknown}
Potions
 b - a potion of magic
 d - a potion of haste {unknown}
 g - a potion of heal wounds {unknown}
 i - 2 potions of curing {unknown}
 m - a potion of mutation {unknown}
 o - a potion of degeneration {unknown}
 z - 2 potions of attraction {unknown}


   Skills:
 + Level 1.4 Fighting
 + Level 1.4 Short Blades
 + Level 1.4 Long Blades
 + Level 1.4 Axes
 + Level 1.4 Maces & Flails
 + Level 1.4 Polearms
 + Level 1.4 Staves
 + Level 1.4 Ranged Weapons
 + Level 1.4 Throwing
 + Level 1.4 Armour
 + Level 4.7 Dodging
 + Level 4.4 Stealth
 + Level 1.4 Shields
 + Level 1.4 Unarmed Combat
 + Level 5.2 Spellcasting
 + Level 1.1 Conjurations
 + Level 1.1 Hexes
 + Level 1.1 Summonings
 + Level 1.1 Necromancy
 + Level 1.1 Translocations
 + Level 2.3 Transmutations
 + Level 1.1 Fire Magic
 + Level 1.1 Ice Magic
 + Level 1.1 Air Magic
 + Level 5.5 Earth Magic
 + Level 1.1 Poison Magic
 + Level 1.6 Invocations
 + Level 1.4 Evocations
 + Level 1.1 Shapeshifting


You had 8 spell levels left.
You knew the following spells:

 Your Spells              Type           Power      Damage    Failure   Level
a - Sandblast             Erth           42%        2d11      14%         1
b - Passwall              Tmut/Erth      13%        N/A       38%         2
c - Stone Arrow           Conj/Erth      28%        3d8       73%         3

Your spell library contained the following spells:

 Spells                   Type           Power      Damage    Failure   Level
 Sublimation of Blood     Necr           7%         N/A       80%         2
 Petrify                  Tmut/Erth      16%        N/A       95%         4
 Irradiate                Conj/Tmut      4%         3d13      100%        5


Dungeon Overview and Level Annotations

Branches:
Dungeon (3/15)

Altars:
Elyvilon
Zin

Annotations:
D:3 Crazy Yiuf


Innate Abilities, Weirdness & Mutations

You have very sharp teeth.
Your uncanny sense of smell can sniff out nearby items.
Your experience applies equally to all skills.


Message History

This spell is dangerous to cast!
Memorise Passwall, consuming 2 spell levels and leaving 11?
You start memorising the spell.
You continue memorising. x2
You finish memorising.
Spell assigned to 'b'.
This spell is extremely dangerous to cast!
Memorise Stone Arrow, consuming 3 spell levels and leaving 8?
You start memorising the spell.
You continue memorising. x3
You finish memorising.
Spell assigned to 'c'.
Okay, then.
Unknown command.
Things that are here:
a +0 short sword; an orc corpse
Things that are here:
a +0 club; an orc corpse You now have 118 gold pieces (gained 10).
Found two hammers.
Found a runed translucent door.
Crazy Yiuf shouts!
Found a hammer.
You open the door.
Casting: Sandblast (safe; 14% risk of failure)
Confirm with . or Enter, or press ? or * to list all spells.
Aiming: Sandblast (safe; 14% risk of failure)
Press: ? - help, Shift-Dir - straight line, f - Crazy Yiuf
Aim: Crazy Yiuf, wielding a +2 quarterstaff of chaos and wearing a +2 cloak of preservation (85% to hit)
The blast of sand hits Crazy Yiuf!
Crazy Yiuf is heavily wounded.
Crazy Yiuf hits you with a +2 quarterstaff of chaos.
Casting: Sandblast (safe; 14% risk of failure)
Confirm with . or Enter, or press ? or * to list all spells.
Aiming: Sandblast (safe; 14% risk of failure)
Press: ? - help, Shift-Dir - straight line, f/p - Crazy Yiuf
Aim: Crazy Yiuf, wielding a +2 quarterstaff of chaos and wearing a +2 cloak of preservation (heavily wounded, 85% to hit)
The blast of sand hits Crazy Yiuf!
Crazy Yiuf is almost dead.
Crazy Yiuf hits you with a +2 quarterstaff of chaos!
Crazy Yiuf freezes you.
Crazy Yiuf hits you with a +2 quarterstaff of chaos!
* * * LOW HITPOINT WARNING * * *
Crazy Yiuf burns you.
You die...

#.##.## ###
#.#...###..
#...#.....# #####
#.#....#... #..)#
#.#.#.....# #).)#
#.#...#.... ...
#.#.####.## #g#
##.#.####.## ♣♣@♣
#........... ♣.♣♣
###..##.)... ♣♣.♣
#.....<..... ♣.♣♣
###.###..... ♣♣.♣♣
#........... ♣...♣♣
###......... ♣....♣
###.#####.# #....#
#..........
##....#####.####...(#


You could see Crazy Yiuf.

Vanquished Creatures
  An orc priest (D:3)
  Jessica (D:2)
  Terence (D:3)
  An adder (D:2)
  A worm (D:3)
  5 orcs
  5 ball pythons
  2 bats (D:1)
  A giant cockroach (D:2)
  9 goblins
  3 hobgoblins
  A quokka (D:1)
  A frilled lizard (D:1)
  4 rats
36 creatures vanquished.

Notes
Turn   | Place    | Note
-------+----------+-------------------------------------------
     0 | D:1      | bjtr the Gnoll Earth Elementalist began the quest for the
                  | Orb.
     0 | D:1      | Reached XP level 1. HP: 13/13 MP: 6/6
   208 | D:1      | Reached XP level 2. HP: 19/19 MP: 5/7
   736 | D:2      | Noticed Jessica
   738 | D:2      | Killed Jessica
   739 | D:2      | Reached skill level 5 in Spellcasting
   739 | D:2      | Reached skill level 1 in Invocations
   739 | D:2      | Reached XP level 3. HP: 25/25 MP: 6/9
   780 | D:2      | Reached skill level 1 in Fighting
   780 | D:2      | Reached skill level 1 in Short Blades
   780 | D:2      | Reached skill level 1 in Long Blades
   780 | D:2      | Reached skill level 1 in Axes
   780 | D:2      | Reached skill level 1 in Maces & Flails
   780 | D:2      | Reached skill level 1 in Polearms
   780 | D:2      | Reached skill level 1 in Staves
   780 | D:2      | Reached skill level 1 in Ranged Weapons
   780 | D:2      | Reached skill level 1 in Throwing
   780 | D:2      | Reached skill level 1 in Armour
   780 | D:2      | Reached skill level 1 in Shields
   780 | D:2      | Reached skill level 1 in Unarmed Combat
   780 | D:2      | Reached skill level 1 in Evocations
   990 | D:2      | Reached XP level 4. HP: 6/32 MP: 11/11
  1632 | D:3      | Found a white marble altar of Elyvilon.
  1635 | D:3      | Found a glowing silver altar of Zin.
  1819 | D:3      | Noticed Terence
  1826 | D:3      | Killed Terence
  1827 | D:3      | Reached skill level 1 in Conjurations
  1827 | D:3      | Reached skill level 1 in Hexes
  1827 | D:3      | Reached skill level 1 in Summonings
  1827 | D:3      | Reached skill level 1 in Necromancy
  1827 | D:3      | Reached skill level 1 in Translocations
  1827 | D:3      | Reached skill level 1 in Fire Magic
  1827 | D:3      | Reached skill level 1 in Ice Magic
  1827 | D:3      | Reached skill level 1 in Air Magic
  1827 | D:3      | Reached skill level 1 in Poison Magic
  1827 | D:3      | Reached skill level 1 in Shapeshifting
  2074 | D:3      | Reached XP level 5. HP: 13/37 MP: 8/12
  2168 | D:3      | Learned a level 2 spell: Passwall
  2172 | D:3      | Learned a level 3 spell: Stone Arrow
  2208 | D:3      | Found a runed translucent door.
  2209 | D:3      | Noticed Crazy Yiuf
  2214 | D:3      | Slain by Crazy Yiuf

Illustrated notes

Levels and vault maps discovered:
D:1:      doesnt_arrival_eight_statues, layout_basic
D:2:      layout_basic, guppyfry_early_orc_mine, uniq_jessica
D:3:      layout_basic, nicolae_overflow_squiral, minmay_misc_feat_five,
          uniq_terence, uniq_crazy_yiuf_cottage

Skill      XL: |  1  2  3  4 |
---------------+-------------+-----
Transmutations | 2 |  2.3
Spellcasting   | 5 |  5.2
Invocations    | 1 |  1.6
Fighting       | 1 |  1.4
Short Blades   | 1 |  1.4
Long Blades    | 1 |  1.4
Axes           | 1 |  1.4
Maces & Flails | 1 |  1.4
Polearms       | 1 |  1.4
Staves         | 1 |  1.4
Ranged Weapons | 1 |  1.4
Throwing       | 1 |  1.4
Armour         | 1 |  1.4
Shields        | 1 |  1.4
Unarmed Combat | 1 |  1.4
Evocations     | 1 |  1.4
Conjurations   | 1 |  1.1
Hexes          | 1 |  1.1
Summonings     | 1 |  1.1
Necromancy     | 1 |  1.1
Translocations | 1 |  1.1
Fire Magic     | 1 |  1.1
Ice Magic      | 1 |  1.1
Air Magic      | 1 |  1.1
Poison Magic   | 1 |  1.1
Shapeshifting  | 1 |  1.1
Dodging        | |  4.7
Stealth        | |  4.4
Earth Magic    | |  5.5

Action                     |  1- 3 |  4- 6 || total
---------------------------+-------+-------++-------
  Melee: Hand axe          |    29 |       ||    29
         Bite              |     4 |       ||     4
         War axe           |    15 |    11 ||    26
   Cast: Sandblast         |    13 |    26 ||    39
   Stab: Sleeping          |     2 |       ||     2
 Armour: Robe              |    12 |       ||    12
         Leather armour    |     6 |     2 ||     8
         Scale mail        |       |     4 ||     4
  Dodge: Dodged            |    42 |     9 ||    51

Table legend: (Time is in decaauts)
 A = Elapsed time spent in this place.
 B = Non-inter-level travel time spent in this place.
 C = Inter-level travel time spent in this place.
 D = Time resting spent in this place.
 E = Time spent auto-exploring this place.
 F = Levels seen in this place.
 G = Mean time per level.
                   A        B        C        D        E       F      G
               +--------+--------+--------+--------+--------+-----+--------+
         Total |   2251 |   2194 |     57 |    170 |   1590 |   3 |  750.3 |
       Dungeon |   2251 |   2194 |     57 |    170 |   1590 |   3 |  750.3 |
               +--------+--------+--------+--------+--------+-----+--------+

Top non-repeatable levels by time:
     D:2: 880 daAuts
     D:1: 723 daAuts
     D:3: 648 daAuts
